 Dungeon Crawl Stone Soup version 0.28.0-43-g3370ac3207 (webtiles) character file.

Game seed: 17601471975481645560

1259 jjjjhere the Sneak (level 8, -4/44 HPs)
             Began as a Vine Stalker Brigand on Mar 19, 2022.
             Was an Elder of Uskayaw.
             Slain by an orc warrior
             ... wielding a +0 dire flail
              (9 damage)
             ... on level 6 of the Dungeon.
             The game lasted 00:07:11 (4637 turns).

jjjjhere the Sneak (Vine Stalker Brigand)           Turns: 4637, Time: 00:07:11

Health: -4/44      AC: 11    Str: 13    XL:     8   Next: 51%
Magic:  0/11       EV: 10    Int: 15    God:    Uskayaw [****..]
Gold:   332        SH:  0    Dex: 19    Spells: 7/7 levels left

rFire   . . .      SeeInvis .   w - +0 short sword (elec)
rCold   x . .      Faith    .   (no shield)
rNeg    + . .      Spirit   +   u - +4 ring mail of Bedevilment {rC- rN+ Int+4}
rPois   .          Reflect  .   (no helmet)
rElec   .          Harm     .   y - +0 cloak
rCorr   .          Rampage  .   (no gloves)
Will    +....                   (no boots)
Stlth   +++.......              (no amulet)
HPRegen 0.94/turn               (no ring)
MPRegen 0.12/turn               (no ring)

@: no status effects
A: fangs 3, regeneration 1, magic shield, antimagic bite, no potion heal 2
a: Renounce Religion, Stomp, Line Pass


You were on level 6 of the Dungeon.
You worshipped Uskayaw.
Uskayaw was noncommittal.
You visited 2 branches of the dungeon, and saw 7 of its levels.

You collected 332 gold pieces.

Inventory:

Hand Weapons
 a - a +2 dagger
 q - a +1 dagger of venom
 w - a +0 short sword of electrocution (weapon)
 x - the +3 mace of Punishment {venom, rPois Will+ rCorr Int-5}
   (You found it on level 5 of the Dungeon)

   It poisons the flesh of those it strikes.
   Int:       It affects your intelligence (-5).
   rPois:     It protects you from poison.
   rCorr:     It protects you from acid and corrosion.
   Will:      It increases your willpower.
Missiles
 d - 20 poisoned darts (quivered)
 e - 2 curare-tipped darts
Armour
 u - the +4 ring mail of Bedevilment (worn) {rC- rN+ Int+4}
   (You found it on level 5 of the Dungeon)

   Int:       It affects your intelligence (+4).
   rC:        It makes you vulnerable to cold.
   rN:        It protects you from negative energy.
 y - a +0 cloak (worn)
Wands
 t - a wand of charming (3)
Scrolls
 f - a scroll of immolation {unknown}
 g - 2 scrolls of identify {unknown}
 h - a scroll of fog {unknown}
 l - a scroll of enchant armour {unknown}
 n - 2 scrolls of magic mapping {unknown}
 o - 2 scrolls of noise {unknown}
 p - a scroll of holy word {unknown}
Potions
 i - 2 potions of flight {unknown}
 j - 3 potions of curing
 k - 2 potions of might {unknown}
 r - a potion of degeneration {unknown}
 s - a potion of brilliance {unknown}
 v - a potion of invisibility {unknown}


   Skills:
 - Level 5.7 Fighting
 + Level 3.8 Short Blades
 - Level 1.7 Throwing
 - Level 4.1 Armour
 - Level 0.7 Dodging
 - Level 6.0 Stealth
 + Level 3.5 Invocations


You had 7 spell levels left.
You didn't know any spells.
Your spell library contained the following spells:

 Spells                   Type           Power      Damage    Failure   Level
 Animate Skeleton         Necr           0%         N/A       50%         1
 Pain                     Necr           0%         1d4       50%         1
 Conjure Flame            Conj/Fire      0%         6-21      86%         3
 Ignite Poison            Fire/Tmut/Pois 0%         N/A       86%         3
 Vampiric Draining        Necr           0%         2d6       86%         3
 Sticky Flame             Conj/Fire      0%         2d3       99%         4


Dungeon Overview and Level Annotations

Branches:
Dungeon (6/15)             Temple (1/1) D:5

Altars:
Ashenzari
Dithmenos
Fedhas
Hepliaklqana
Kikubaaqudgha
Makhleb
Nemelex Xobeh
Okawaru
Qazlal
Ru
Sif Muna
Uskayaw
Vehumet
Xom
The Shining One

Annotations:
D:3 2 runed translucent doors, Zeld's ghost, amateur TeSu


Innate Abilities, Weirdness & Mutations

You have razor-sharp teeth.
Your natural rate of healing is unusually fast.
When hurt, damage is shared between your health and your magic reserves.
Your bite disrupts and absorbs the magic of your enemies.
Potions cannot restore your health.


Message History

Uskayaw will force your foes to helplessly watch your dance.
Uskayaw prepares the audience for your solo!
The helpless orc priest fails to defend itself.
You impale the orc priest!!
Lightning courses through the orc priest!
You kill the orc priest!
The helpless orc warrior fails to defend itself.
You impale the orc warrior!! You bite the orc warrior. You drain its power.
You feel invigorated.
The orc warrior is almost dead.
The orc warrior is no longer paralysed.
The orc is no longer paralysed.
The orc hits you with a +0 war axe.
The orc warrior hits you with a +0 dire flail.
* * * LOW HITPOINT WARNING * * *
Uskayaw will force your foes to share their pain.
Uskayaw links your audience in an emotional bond!
You hit the orc warrior but do no damage.
The orc warrior is almost dead.
The orc hits you but does no damage. The orc warrior barely misses you.
You hit the orc warrior but do no damage.
The orc warrior is almost dead.
The orc barely misses you.
The orc warrior hits you with a +0 dire flail!
* * * LOW HITPOINT WARNING * * *
You hit the orc warrior but do no damage.
The orc warrior is almost dead.
The orc closely misses you.
The orc warrior hits you with a +0 dire flail.
* * * LOW HITPOINT WARNING * * *
You completely miss the orc warrior. Your bite misses the orc warrior.
The orc warrior is almost dead.
The orc closely misses you. The orc warrior closely misses you.
You hit the orc warrior. Your bite misses the orc warrior.
The orc warrior is almost dead.
The orc warrior is no longer sharing its pain.
The orc is no longer sharing its pain.
The orc barely misses you.
The orc warrior hits you with a +0 dire flail!
* * * LOW HITPOINT WARNING * * *
The orc warrior hits you with a +0 dire flail!
You die...

.## .## ..# ### ###
..#######.#####.#####.#
..##....#.............#
..##)...########.######
.................#
..##..........#oo#
.......#.####.#)@#
#..###.#.# #.#..#
...###.#.# #.#..#
.#..##.#†# #.#..#
.#..##.#.# #.#.(#
.##.##.#.# #.#..#
.......#.# #.#..#
####.###.# #..# #.###.#


You could see an orc warrior and an orc.

Vanquished Creatures
  Eustachio (D:4)
  A black bear (D:5)
  A sky beast (D:6)
  A phantom (D:4)
  4 scorpions
  4 hounds
  A jelly (D:4)
  2 orc priests (D:6)
  2 bullfrog skeletons
  4 iguanas (D:5)
  Ijyb (D:5)
  An orc wizard (D:5)
  A howler monkey zombie (D:5)
  7 adders
  A gnoll (D:4)
  A white imp (D:5)
  An ufetubus (D:5)
  An adder skeleton (D:4)
  A worm (D:5)
  3 dart slugs
  15 orcs
  10 bats
  5 endoplasms
  4 giant cockroaches
  4 goblins
  8 hobgoblins
  2 jackals (D:4)
  5 quokkas
  6 ball pythons
  2 frilled lizards
  8 kobolds
  6 rats
114 creatures vanquished.

Notes
Turn   | Place    | Note
-------+----------+-------------------------------------------
     0 | D:1      | jjjjhere the Vine Stalker Brigand began the quest for the
                  | Orb.
     0 | D:1      | Reached XP level 1. HP: 11/11 MP: 2/2
    96 | D:1      | Reached skill level 5 in Stealth
   179 | D:1      | Reached XP level 2. HP: 15/15 MP: 3/3
   980 | D:1      | Reached XP level 3. HP: 19/19 MP: 4/4
  1522 | D:2      | Found a shimmering altar of Xom.
  1538 | D:2      | Gained mutation: Your natural rate of healing is unusually
                  | fast. [Vine Stalker growth]
  1538 | D:2      | Reached XP level 4. HP: 18/24 MP: 5/5
  1705 | D:2      | Reached skill level 6 in Stealth
  1962 | D:3      | Found a runed translucent door.
  1984 | D:3      | Noticed Zeld's ghost (amateur TeSu)
  2120 | D:3      | Found a runed translucent door.
  2254 | D:3      | Found a faded altar of an unknown god.
  2362 | D:3      | Found a sparkling altar of Nemelex Xobeh.
  2471 | D:4      | Reached skill level 1 in Armour
  2471 | D:4      | Reached XP level 5. HP: 25/28 MP: 4/6
  2686 | D:4      | Noticed Eustachio
  2725 | D:4      | Killed Eustachio
  2726 | D:4      | Reached XP level 6. HP: 22/34 MP: 5/7
  2791 | D:4      | Found a stormy altar of Qazlal.
  2951 | D:4      | Reached skill level 5 in Fighting
  2951 | D:4      | Reached XP level 7. HP: 39/39 MP: 8/8
  3418 | D:5      | Entered Level 5 of the Dungeon
  3456 | D:5      | Noticed Ijyb
  3481 | D:5      | Killed Ijyb
  3562 | D:5      | Identified the +4 ring mail of Bedevilment {rC- rN+ Int+4}
  3883 | D:5      | Identified the +3 mace of Punishment {venom, rPois Will+
                  | rCorr Int-5}
  3907 | D:5      | Found a staircase to the Ecumenical Temple.
  3985 | Temple   | Entered the Ecumenical Temple
  3993 | Temple   | Became a worshipper of Uskayaw the Reveller
  4047 | D:5      | Reached * piety under Uskayaw
  4049 | D:5      | Reached ** piety under Uskayaw
  4083 | D:5      | Reached skill level 1 in Invocations
  4083 | D:5      | Gained mutation: You have razor-sharp teeth. [Vine Stalker
                  | growth]
  4083 | D:5      | Reached XP level 8. HP: 33/44 MP: 7/10
  4150 | D:5      | Reached *** piety under Uskayaw
  4629 | D:6      | HP: 13/44 [orc/+0 war axe (5)]
  4631 | D:6      | Reached **** piety under Uskayaw
  4634 | D:6      | HP: 8/44 [orc warrior/+0 dire flail (2)]
  4637 | D:6      | Slain by an orc warrior

Illustrated notes

Levels and vault maps discovered:
D:1:      dpeg_arrival_more_subterranean_lakeside_camping, layout_loops_ring,
          minmay_shallow_snake_nest
D:2:      layout_basic, basic_altar, kennysheep_potato
D:3:      layout_rooms, nemelex_dance_club_becter, ebering_ghost_sewer_f,
          dreamdust_ecumenical_altar_angels_and_demons
D:4:      wad_pebble_path, layout_basic, kennysheep_little_box,
          cheibrodos_gnoll_hut, uniq_eustachio
D:5:      layout_rooms, minmay_temple_entry_fiery,
          chequers_serial_rivers_room_a, uniq_ijyb
D:6:      layout_basic, nicolae_ossuary_entry_catacombs,
          kennysheep_another_room, uniq_maggie, uniq_menkaure
Temple:   nicolae_temple_x_marks_the_god

Skill      XL: |  1  2  3  4  5  6  7  8 |
---------------+-------------------------+-----
Fighting       | 2 3 4 5 |  5.7
Stealth        | 5 6 |  6.0
Armour         | 1 2 3 4 |  4.1
Short Blades   | 2 3 |  3.8
Invocations    | 1 3 |  3.5
Throwing       | |  1.7
Dodging        | |  0.7

Action                   |  1- 3 |  4- 6 |  7- 9 || total
-------------------------+-------+-------+-------++-------
Melee: Dagger            |   105 |   157 |    89 ||   351
       Bite              |    16 |    47 |    72 ||   135
       Punch             |       |     2 |     2 ||     4
       Short sword       |       |       |    94 ||    94
 Stab: Sleeping          |    10 |     5 |     3 ||    18
       Paralysed         |       |       |     3 ||     3
Armor: Robe              |    33 |       |       ||    33
       Ring mail         |       |    43 |    77 ||   120
Dodge: Dodged            |    43 |    65 |    84 ||   192
